 Dungeon Crawl Stone Soup version 0.28.0 (webtiles) character file.

Game seed: 771740124550361246

252 Findor the Bolt Thrower (level 6, -5/35 HPs)
             Began as a Kobold Hunter on Feb 14, 2022.
             Slain by Duvessa (8 damage)
             ... on level 5 of the Dungeon.
             The game lasted 00:09:22 (5532 turns).

Findor the Bolt Thrower (Kobold Hunter)             Turns: 5532, Time: 00:09:22

Health: -5/35      AC:  5    Str: 11    XL:     6   Next: 36%
Magic:  6/6        EV: 13    Int: 13    God:
Gold:   60         SH:  5    Dex: 15    Spells: 5/5 levels left

rFire   . . .      SeeInvis .   a - +1 hand crossbow
rCold   . . .      Faith    .   (no shield)
rNeg    . . .      Spirit   .   q - +0 ring mail
rPois   .          Reflect  +   (no helmet)
rElec   .          Harm     .   (no cloak)
rCorr   .          Rampage  .   (no gloves)
Will    .....                   (no boots)
Stlth   +++.......              o - amulet of reflection
HPRegen 0.11/turn               (no ring)
MPRegen 0.10/turn               (no ring)

@: weak-willed
A: small, no large weapons, nightstalker 3
a: no special abilities


You were on level 5 of the Dungeon.
You visited 1 branch of the dungeon, and saw 5 of its levels.

You collected 193 gold pieces.
You spent 133 gold pieces at shops.


Innate Abilities, Weirdness & Mutations

You are small and have problems with some larger weapons.
You are completely attuned to the shadows.


   Skills:
 - Level 2.1 Fighting
 * Level 5.5 Short Blades
 + Level 6.0 Crossbows
 - Level 2.4 Dodging
 + Level 4.0 Stealth


You had 5 spell levels left.
You didn't know any spells.
Your spell library was empty.

Inventory:

Hand Weapons
 a - a +1 hand crossbow (weapon)
 b - a +1 rapier of protection
   (You bought it in a shop on level 4 of the Dungeon)
 j - a +4 short sword
   (You took it off a kobold on level 2 of the Dungeon)
 k - a +0 dagger of draining
   (You took it off a goblin on level 2 of the Dungeon)
Missiles
 d - 26 bolts (quivered ammo)
Armour
 q - a +0 ring mail (worn)
   (You found it on level 3 of the Dungeon)
 s - +0 fire dragon scales
   (You took it off a gnoll on level 3 of the Dungeon)
Jewellery
 e - an amulet of the acrobat
   (You found it on level 4 of the Dungeon)
 o - an amulet of reflection (around neck)
   (You found it on level 2 of the Dungeon)
Scrolls
 g - a scroll of enchant weapon {unknown}
 r - a scroll of amnesia {unknown}
Potions
 c - 2 potions of might
 i - a potion of lignification {unknown}
 l - a potion of mutation {!q}
 p - a potion of degeneration {unknown}


Message History

The gnoll barely misses you.
You shoot a bolt. The bolt hits the gnoll!
You kill the gnoll!
Your Stealth skill increases to level 4!
You start resting.
Found Ximun's Antique Weapon Emporium.
d - 23 bolts (gained 4)
Things that are here:
a +0 spear; a gnoll corpse
d - 26 bolts (gained 3)
e - an amulet of the acrobat
Okay, then.
An adder skeleton comes into view.
You shoot a bolt. The bolt hits the adder skeleton!
You shoot a bolt. The bolt hits the adder skeleton.
You destroy the adder skeleton!
There is an entrance to Ximun's Antique Weapon Emporium here.
j - a +1 rapier of protection Thank you for shopping at Ximun's Antique Weapon Emporium!
Okay, then.
Adjust (i)tems, (s)pells, or (a)bilities?
j - a +1 rapier of protection Adjust to which letter? (? for menu, Esc to quit)
b - a +1 rapier of protection;
j - a +4 short sword
d - 25 bolts (gained 1)
d - 26 bolts (gained 1)
There is an entrance to Ximun's Antique Weapon Emporium here.
Things that are here:
a +0 spear; a gnoll corpse
There is a stone staircase leading down here.
You climb downwards.
Level annotation: Duvessa Duvessa hits you with a +0 rapier!!
Ouch! That really hurt!
* * * LOW HITPOINT WARNING * * *
You block Duvessa's attack.
There is a stone staircase leading up, spattered with blood here.
Unknown command.
Unknown command.
Okay, then.
You feel much better. Duvessa hits you with a +0 rapier! x2
* * * LOW HITPOINT WARNING * * *
Okay, then.
As you read the scroll labelled FEWINE BYPNUO, it crumbles to dust.
The creatures around you are filled with an inner flame!
It was a scroll of immolation.
Duvessa barely misses you.
As you read the scroll labelled NOETTAA LUDGH, it crumbles to dust.
Magic quickly surges around you.
It was a scroll of vulnerability.
Duvessa hits you with a +0 rapier!
You die...

#....##+#####
#....##.....#
.....#......#
.....#......#
.....'......#
#..######...#
#..######...#
+. (.(.e(...#
....@....#
######...#
#...# ....#
...#


You could see Duvessa (berserk, inner flame, weak-willed).

Vanquished Creatures
  Dowan (D:5)
  A jelly (D:4)
  6 gnolls
  3 adders
  An adder skeleton (D:4)
  2 worms
  4 dart slugs
  2 orcs (D:3)
  11 ball pythons
  3 endoplasms
  5 giant cockroaches
  8 hobgoblins
  2 jackals (D:2)
  A quokka (D:2)
  2 bats (D:1)
  4 frilled lizards
  8 goblins
  8 kobolds
  4 rats (D:2)
76 creatures vanquished.

Notes
Turn   | Place    | Note
-------+----------+-------------------------------------------
     0 | D:1      | Findor the Kobold Hunter began the quest for the Orb.
     0 | D:1      | Reached XP level 1. HP: 12/12 MP: 1/1
   104 | D:1      | Reached skill level 1 in Short Blades
   202 | D:1      | Reached skill level 5 in Crossbows
   202 | D:1      | Reached XP level 2. HP: 17/17 MP: 2/2
   871 | D:1      | Reached XP level 3. HP: 21/21 MP: 3/3
  1006 | D:1      | Found a faded altar of an unknown god.
  1462 | D:2      | Reached skill level 3 in Short Blades
  1714 | D:2      | Reached XP level 4. HP: 24/25 MP: 4/4
  2380 | D:3      | Found a sacrificial altar of Ru.
  3277 | D:3      | Found a broken altar of Ashenzari.
  3284 | D:3      | Reached XP level 5. HP: 27/30 MP: 5/5
  3319 | D:3      | Found a shimmering altar of Xom.
  3641 | D:3      | Reached skill level 3 in Stealth
  3826 | D:4      | HP: 5/30 [gnoll (12)]
  4390 | D:4      | Reached XP level 6. HP: 24/35 MP: 6/6
  4521 | D:4      | Noticed a steam dragon
  4523 | D:4      | HP: 2/35 [something] (10)]
  4787 | D:4      | HP: 7/35 [gnoll (3)]
  5170 | D:5      | Entered Level 5 of the Dungeon
  5205 | D:5      | Noticed Duvessa
  5205 | D:5      | Noticed Dowan
  5228 | D:5      | Killed Dowan
  5229 | D:5      | Reached skill level 6 in Crossbows
  5497 | D:4      | Found Ximun's Antique Weapon Emporium.
  5508 | D:4      | Bought a glowing rapier for 133 gold pieces
  5530 | D:5      | HP: 2/35 [Duvessa (16)]
  5532 | D:5      | Slain by Duvessa

Levels and vault maps discovered:
D:1:      heliophobic_arrival_ceremonial_halls, layout_basic,
          ebering_ecumenical_altar_rust
D:2:      layout_basic, minmay_surrounded
D:3:      layout_basic, nicolae_ru_sacrificial_ziggurat,
          mainiacjoe_overflow_alcove_4, general_overflow_altar,
          nrook_mini_vaults
D:4:      kb_forest_paths, layout_basic, serial_shops, shop, shop_fountains
D:5:      layout_gridville, old_standard_altar, minmay_temple_entry_hall,
          uniq_duvessa

Action                   |  1- 3 |  4- 6 || total
-------------------------+-------+-------++-------
Melee: Short sword       |    70 |   108 ||   178
       Punch             |     1 |       ||     1
 Fire: Hand crossbow     |     9 |    41 ||    50
  Use: Scroll            |       |     6 ||     6
       Potion            |       |     2 ||     2
 Stab: Sleeping          |    11 |    10 ||    21
Armor: Leather armour    |    11 |     3 ||    14
       Ring mail         |       |     9 ||     9
Dodge: Dodged            |    34 |    60 ||    94
Block: Other             |       |    15 ||    15
